 Dungeon Crawl Stone Soup version 0.16-a0-328-gfd822c7 (webtiles) character file.

378 Ratboiler the Insei (level 6, 0/38 HPs)
             Began as an Octopode Transmuter on Sept 6, 2014.
             Shot with a poisoned arrow by a centaur (7 damage)
             ... on Level 5 of the Dungeon.
             The game lasted 00:23:11 (7035 turns).

Ratboiler the Insei (Octopode Transmuter)           Turns: 7035, Time: 00:23:11

HP   0/38        AC  1     Str 10      XL: 6   Next: 74%
MP   2/10        EV 12     Int 15      God:
Gold 188         SH  0     Dex 14      Spells:  3 memorised,  3 levels left

rFire  + . .     SeeInvis .     b - 40 arrows
rCold  . . .     Clarity  .     (no shield)
rNeg   . . .     rCorr    .     (helmet restricted)
rPois  .         rRot     .     (no amulet)
rElec  .         Spirit   .     g - ring of protection from fire
SustAb .         Warding  .     r - ring of stealth
rMut   .         Stasis   .     (no ring)
Gourm  .                        (no ring)
MR     .....                    (no ring)
                                (no ring)
                                (no ring)
                                (no ring)

@: lethally poisoned, not resistant to hostile enchantments, fairly stealthy
A: almost no armour, amphibious, 8 rings, constrict 8, camouflage 1, gelatinous
body 1
a: no special abilities


You were on level 5 of the Dungeon.
You were very hungry.

You visited 1 branch of the dungeon, and saw 5 of its levels.

You collected 188 gold pieces.

Inventory:

Missiles
 b - 40 arrows (in tentacle)
 o - 4 stones (quivered)
 t - 32 poisoned needles
Magical devices
 k - a wand of lightning (5)
 x - a wand of enslavement (11)
 z - a wand of paralysis (8)
Comestibles
 a - a bread ration
 c - 2 meat rations
 u - a slice of pizza
 v - 11 fruits
Scrolls
 h - 2 scrolls of enchant weapon {unknown}
 i - 2 scrolls of remove curse {unknown}
 l - 4 scrolls of recharging {unknown}
 n - 2 scrolls of fog {unknown}
 p - a scroll of immolation
 y - a scroll of enchant armour {unknown}
Jewellery
 g - a ring of protection from fire (left tentacle)
 r - a ring of stealth (right tentacle)
Potions
 e - a potion of cure mutation
 f - 2 potions of confusion
 m - a potion of restore abilities {unknown}
 q - 2 potions of porridge
 w - a potion of heal wounds {unknown}
Books
 d - a book of Changes

   Spells                             Type                      Level
   *Beastly Appendage                 Transmutation                1
   *Sticks to Snakes                  Transmutation                2
   *Spider Form                       Transmutation/Poison         3
   Ice Form                           Ice/Transmutation            4
   Blade Hands                        Transmutation                5


   Skills:
 - Level 1.0 Fighting
 - Level 2.0 Dodging
 + Level 7.3 Unarmed Combat
 - Level 2.0 Spellcasting
 - Level 2.0 Transmutations


You had 3 spell levels left.
You knew the following spells:

 Your Spells              Type           Power        Failure   Level  Hunger
a - Beastly Appendage     Trmt           #.....       12%         1    #......
b - Sticks to Snakes      Trmt           #.........   14%         2    ###....
c - Spider Form           Trmt/Pois      #.........   43%         3    ####...


Dungeon Overview and Level Annotations

Branches:
Dungeon (5/15)
 Temple: D:4-7

Altars:
Dithmenos
Elyvilon
Kikubaaqudgha
Sif Muna
Xom
The Shining One

Annotations:
D:4 runewalsh's ghost, experienced TrWz
D:5 Blork the orc


Innate Abilities, Weirdness & Mutations

You cannot wear most types of armour.
You are amphibious.
You can wear up to eight rings at the same time.
You can use your tentacles to constrict many enemies at once.
Your skin changes colour to match your surroundings (Stealth).
Your rubbery body absorbs attacks (AC +1).


Message History

Confirm with . or Enter, or press ? or * to list all spells.
You create a snake!
Something unseen opens the door.
You feel sick.
Casting: Sticks to Snakes
Confirm with . or Enter, or press ? or * to list all spells.
You don't have enough magic to cast that spell.
What do you say? t - Shout!
Orders for allies: a - Attack new target. r - Retreat! s - Stop attacking. w - Wait here. f - Follow me.
Anything else - Stay silent.
Gang up on whom?
Press: ? - help, Dir - move target cursor, f - centaur
Aim: a centaur, wielding a shortbow Attack!
Your adder dies!
You open the door.
The centaur shoots a poisoned arrow.
The poisoned arrow misses your adder. The poisoned arrow hits you!
You die...

###...c...##'##...##...'.
.........##..##...##..##.
.........#........###+###
.........((...##...##..#..
........(.#(..####'##..'..
..........#(..##....'..#..
###'##....#(..##..###.###.
.'...#....'.(.##+####'###.
#...'...@#...'........#..
###.#....###'##.......+..
#.#...SS..c.#.......#..
+.'.....c...#......##+#
#.#.........+......#...
#.#......(..##+##..'... .
+.............#[.#...
.#...#'##'#....'..#...
####.#...'.'..#....#..#...


You could see a centaur, a friendly adder and a friendly ball python.

Vanquished Creatures
  5 orc wizards
  A worker ant (D:4)
  8 adders
  2 giant mites
  2 worms (D:3)
  2 giant geckos
  An ooze (D:3)
  14 orcs
  4 giant cockroaches
  12 hobgoblins
  7 jackals (D:1)
  9 kobolds
  A quokka (D:5)
  A ball python (D:2)
  9 bats
  2 giant newts (D:1)
  5 goblins
  6 rats
  A rat zombie (D:5)
92 creatures vanquished.

Vanquished Creatures (collateral kills)
  A worker ant (D:4)
  An orc wizard (D:4)
  An adder (D:2)
  2 orcs (D:3)
  A jackal (D:1)
6 creatures vanquished.

Grand Total: 98 creatures vanquished

Notes
Turn   | Place    | Note
--------------------------------------------------------------
     0 | D:1      | Ratboiler, the Octopode Transmuter, began the quest for the Orb.
     0 | D:1      | Reached XP level 1. HP: 13/13 MP: 3/3
   336 | D:1      | Reached XP level 2. HP: 13/18 MP: 2/4
   368 | D:1      | Learned a level 2 spell: Sticks to Snakes
   883 | D:1      | Reached skill level 4 in Unarmed Combat
  1251 | D:1      | Reached XP level 3. HP: 20/23 MP: 6/6
  1265 | D:1      | Learned a level 3 spell: Spider Form
  2001 | D:2      | Reached XP level 4. HP: 28/28 MP: 3/7
  2431 | D:2      | Reached skill level 5 in Unarmed Combat
  2651 | D:3      | Found an ancient bone altar of Kikubaaqudgha.
  3781 | D:3      | Reached XP level 5. HP: 33/33 MP: 7/9
  4374 | D:4      | Noticed runewalsh's ghost (experienced TrWz)
  4452 | D:4      | Reached skill level 6 in Unarmed Combat
  4985 | D:4      | Found a white marble altar of Elyvilon.
  5004 | D:4      | Found a shimmering altar of Xom.
  5462 | D:4      | Found a glowing golden altar of the Shining One.
  5770 | D:4      | Reached XP level 6. HP: 18/38 MP: 4/10
  6207 | D:4      | Found a deep blue altar of Sif Muna.
  6254 | D:5      | Entered Level 5 of the Dungeon
  6271 | D:5      | Reached skill level 7 in Unarmed Combat
  6380 | D:5      | Noticed Blork the orc
  6601 | D:5      | Found a shadowy altar of Dithmenos.
  7035 | D:5      | Shot with a poisoned arrow by a centaur

Action                   |  1- 3 |  4- 6 || total
-------------------------+-------+-------++-------
Melee: Unarmed           |    62 |   186 ||   248
Throw: Stone             |     4 |     6 ||    10
 Cast: Beastly Appendage |    15 |    27 ||    42
       Sticks to Snakes  |     5 |    19 ||    24
       Spider Form       |     1 |     6 ||     7
Evoke: Wand              |       |     3 ||     3
  Use: Potion            |       |     5 ||     5
       Scroll            |       |     4 ||     4
 Stab: Sleeping          |     1 |     6 ||     7
  Eat: Chunk             |     3 |    13 ||    16
       Pizza             |       |     1 ||     1
       Bread ration      |       |     1 ||     1
